 Dungeon Crawl Stone Soup version 0.30-a0-373-gd37427bb62 (webtiles) character file.

Game seed: 236181397727983215

396 qeuew the Shooter (level 7, -2/53 HPs)
             Began as a Formicid Hunter on Nov 23, 2022.
             Was an Initiate of Dithmenos.
             Slain by a kobold brigand
             ... wielding a +0 whip
              (7 damage)
             ... on level 5 of the Dungeon.
             The game lasted 00:05:47 (3736 turns).

qeuew the Shooter (Formicid Hunter)                 Turns: 3736, Time: 00:05:48

Health: -2/53      AC:  7    Str: 16    XL:     7   Next: 9%
Magic:  7/7        EV: 12    Int:  8    God:    Dithmenos [......]
Gold:   260        SH:  0    Dex: 17    Spells: 6/6 levels left

rFire   . . .      SeeInvis +    k - +0 war axe
rCold   . . .      Faith    .    (no shield)
rNeg    . . .      Spirit   .    c - +0 leather armour
rPois   .          Reflect  .    (helmet unavailable)
rElec   .          Harm     .    (no cloak)
rCorr   .          Rampage  .    (no gloves)
Will    .....                    (no boots)
Stlth   ++........               (no amulet)
HPRegen 0.28/turn                b - +4 ring of protection
MPRegen 0.10/turn                (no ring)

@: unable to drink
A: permanent stasis, dig shafts and tunnels, antennae 3, four strong arms, weak
1, inability to drink after injury 1
a: Dig, Shaft Self, Renounce Religion


You were on level 5 of the Dungeon.
You worshipped Dithmenos.
Dithmenos was noncommittal.
You visited 2 branches of the dungeon, and saw 6 of its levels.

You collected 260 gold pieces.

Inventory:

Hand Weapons
 a - a +1 shortbow
 k - a +0 war axe (weapon)
Missiles
 d - a throwing net
Armour
 c - a +0 leather armour (worn)
Jewellery
 b - a +4 ring of protection (left hand)
Wands
 g - a wand of light (9)
Scrolls
 e - a scroll of identify
 f - a scroll of magic mapping {unknown}
 j - 2 scrolls of enchant weapon


   Skills:
 + Level 3.7 Fighting
 + Level 1.7 Axes
 * Level 5.6 Ranged Weapons
 + Level 2.6 Armour
 + Level 2.9 Dodging
 - Level 1.2 Stealth
 + Level 1.6 Evocations


You had 6 spell levels left.
You didn't know any spells.
Your spell library contained the following spells:

 Spells                   Type           Power      Damage    Failure   Level
 Sandblast                Erth           0%         2d4       45%         1
 Slow                     Hex            0%         N/A       45%         1
 Passwall                 Tmut/Erth      0%         N/A       61%         2
 Confusing Touch          Hex            0%         N/A       83%         3
 Stone Arrow              Conj/Erth      0%         3d7       83%         3
 Vampiric Draining        Necr           0%         2d6       83%         3
 Animate Armour           Summ/Erth      0%         N/A       99%         4
 Borgnjor's Vile Clutch   Necr/Erth      0%         N/A       100%        5
 Summon Mana Viper        Hex/Summ       0%         N/A       100%        5
 Spellforged Servitor     Conj/Summ      0%         N/A       100%        7


Dungeon Overview and Level Annotations

Branches:
Dungeon (5/15)             Temple (1/1) D:4

Altars:
Ashenzari
Cheibriados
Dithmenos
Elyvilon
Fedhas
Gozag
Hepliaklqana
Kikubaaqudgha
Makhleb
Nemelex Xobeh
Okawaru
Qazlal
Ru
Trog
Uskayaw
Vehumet
Wu Jian
Xom
Zin
The Shining One


Innate Abilities, Weirdness & Mutations

You cannot be hasted, slowed, berserked, paralysed or teleported.
You can dig through walls and to a lower floor.
You have a pair of large antennae on your head. (SInv)
Your four strong arms can wield two-handed weapons with a shield.
You are weak. (Str -2)
You occasionally lose the ability to drink potions when taking damage.


Message History

You miss the kobold. The kobold hits you but does no damage.
The kobold brigand hits you with a +0 whip.
Unknown command.
You hit the kobold brigand.
The kobold brigand is moderately wounded.
You slash the kobold!
You kill the kobold!
Dithmenos accepts your kill. The kobold brigand barely misses you.
You hit the kobold brigand.
The kobold brigand is heavily wounded.
You hit the kobold.
You kill the kobold!
Dithmenos accepts your kill.
The kobold brigand completely misses you.
The kobold barely misses you. The kobold brigand misses you.
You slash the kobold brigand!
The kobold brigand is severely wounded.
You hit the kobold. The kobold hits you but does no damage.
The kobold brigand hits you with a +0 whip.
* * * LOW HITPOINT WARNING * * *
You hit the kobold brigand.
The kobold brigand is almost dead.
You hit the kobold.
You kill the kobold!
Dithmenos accepts your kill.
The kobold brigand hits you with a +0 whip!
You feel threatened and lose the ability to drink potions!
* * * LOW HITPOINT WARNING * * *
The kobold brigand misses you.
Unknown command.
You barely miss the kobold brigand.
The kobold brigand is almost dead.
The kobold brigand hits you with a +0 whip.
* * * LOW HITPOINT WARNING * * *
Unknown command.
You hit the kobold brigand.
The kobold brigand is almost dead.
The kobold brigand hits you with a +0 whip!
You die...

........# ......### ..
......# #.# .###### #.#
.# #.# { .# #.# ## #.#
. ####.#######.... ####
#.....)@)...)#
...#######)##..#K#....#
##.......))....#.#.#..#
#########..........
.... #..#..#.#.#. ...
#..#..#.#.#.# ..
#.......... # .
##.#.##.#... #.#.# .###


You could see a kobold brigand.

Vanquished Creatures
  A black bear (D:5)
  A phantom (D:4)
  A gnoll bouda (D:5)
  An orc wizard (D:3)
  4 adders
  5 gnolls (D:5)
  A white imp (D:5)
  3 dart slugs
  3 worms
  4 orcs
  5 endoplasms
  A giant cockroach (D:1)
  5 goblins
  4 hobgoblins
  4 jackals (D:3)
  14 kobolds
  6 quokkas
  3 ball pythons
  4 bats
  2 frilled lizards (D:1)
  6 rats
78 creatures vanquished.

Notes
Turn   | Place    | Note
-------+----------+-------------------------------------------
     0 | D:1      | qeuew the Formicid Hunter began the quest for the Orb.
     0 | D:1      | Reached XP level 1. HP: 16/16 MP: 1/1
    77 | D:1      | Found a faded altar of an unknown god.
   333 | D:1      | Reached XP level 2. HP: 23/23 MP: 2/2
   922 | D:2      | Reached skill level 1 in Armour
   922 | D:2      | Reached XP level 3. HP: 27/28 MP: 3/3
  1591 | D:2      | Reached XP level 4. HP: 34/34 MP: 4/4
  1659 | D:2      | Gained mutation: You are weak. (Str -2) [potion of
                  | mutation]
  1659 | D:2      | Gained mutation: You occasionally lose the ability to drink
                  | potions when taking damage. [potion of mutation]
  1994 | D:3      | Reached XP level 5. HP: 41/41 MP: 5/5
  2376 | D:3      | Found an ancient bone altar of Kikubaaqudgha.
  2488 | D:4      | Found a stormy altar of Qazlal.
  2492 | D:4      | Noticed a water elemental
  2548 | D:4      | Noticed a fire elemental
  2548 | D:4      | Noticed an air elemental
  2729 | D:4      | Found a staircase to the Ecumenical Temple.
  2794 | D:4      | Found a radiant altar of Vehumet.
  2795 | D:4      | Found a shadowy altar of Dithmenos.
  2837 | Temple   | Entered the Ecumenical Temple
  2914 | Temple   | Became a worshipper of Xom of Chaos
  2915 | Temple   | Fell from the grace of Xom
  3014 | D:4      | Noticed a phantom
  3031 | D:4      | Killed a phantom
  3032 | D:4      | Reached skill level 1 in Axes
  3032 | D:4      | Reached skill level 5 in Ranged Weapons
  3032 | D:4      | Reached XP level 6. HP: 29/47 MP: 6/6
  3327 | D:4      | Found a hide-covered altar of Uskayaw.
  3328 | D:4      | Found a sacrificial altar of Ru.
  3328 | D:4      | Found an iron altar of Okawaru.
  3341 | D:4      | Became a worshipper of Dithmenos the Shadowed
  3399 | D:4      | XOM: god gift: Xom's Encyclopedia of the Vacuum {god gift}
  3400 | D:4      | Got Xom's Encyclopedia of the Vacuum {god gift}
  3465 | D:5      | Entered Level 5 of the Dungeon
  3481 | D:5      | Reached skill level 1 in Evocations
  3704 | D:5      | Noticed a black bear
  3720 | D:5      | Killed a black bear
  3721 | D:5      | Reached XP level 7. HP: 35/53 MP: 7/7
  3736 | D:5      | Slain by a kobold brigand

Illustrated notes

Levels and vault maps discovered:
D:1:      elethiomel_arrival_quiet, layout_basic, nicolae_ecumenical_lake_church
D:2:      layout_basic, minmay_misc_feat_iff, minmay_strange_pillars
D:3:      minmay_spotlight, layout_basic, kiku_gazebo_garden_becter
D:4:      layout_loops_corners, grunt_temple_overflow_open,
          nicolae_qazlal_style_of_elements, minmay_temple_entry_glass,
          minmay_close_crescents
D:5:      layout_loops_cross, mainiacjoe_overflow_chevrons,
          minmay_misc_feat_columns, uniq_crazy_yiuf_cottage, uniq_pikel,
          uniq_duvessa
Temple:   dshaligram_water_room_temple

Skill      XL: |  1  2  3  4  5  6 |
---------------+-------------------+-----
Dodging        | 2 |  2.9
Armour         | 1 2 |  2.6
Fighting       | 3 |  3.7
Axes           | 1 |  1.7
Ranged Weapons | 5 |  5.6
Evocations     | 1 |  1.6
Stealth        | |  1.2

Action                   |  1- 3 |  4- 6 |  7- 9 || total
-------------------------+-------+-------+-------++-------
Melee: War axe           |       |    34 |    16 ||    50
 Fire: Shortbow          |    58 |   128 |       ||   186
Invok: Renounce Religion |       |     1 |       ||     1
 Abil: Dig               |     4 |       |       ||     4
  Use: Scroll            |     4 |     5 |       ||     9
       Potion            |       |     5 |       ||     5
Armor: Leather armour    |     5 |    44 |     6 ||    55
Dodge: Dodged            |    10 |    68 |    17 ||    95

Table legend: (Time is in decaauts)
 A = Elapsed time spent in this place.
 B = Non-inter-level travel time spent in this place.
 C = Inter-level travel time spent in this place.
 D = Time resting spent in this place.
 E = Time spent auto-exploring this place.
 F = Levels seen in this place.
 G = Mean time per level.
                   A        B        C        D        E       F      G
               +--------+--------+--------+--------+--------+-----+--------+
         Total |   3811 |   3608 |    203 |    100 |   2983 |   6 |  635.2 |
       Dungeon |   3716 |   3528 |    188 |    100 |   2923 |   5 |  743.2 |
        Temple |     94 |     80 |     14 |      0 |     60 |   1 |   94.0 |
               +--------+--------+--------+--------+--------+-----+--------+

Top non-repeatable levels by time:
     D:4: 919 daAuts
     D:1: 914 daAuts
     D:2: 892 daAuts
     D:3: 694 daAuts
     D:5: 295 daAuts
  Temple: 94 daAuts
